| TOP OF THE 1ST |
|
Greenville Drive batting - Pitching for Lake County Captains : LHP Baltwin van Vliet
|
|
Pitching: LHP Baltwin van Vliet
|
|
|
Batting: RHB David Norum
|
0-0: Swinging Strike 0-1: Ground out 5-3 (Groundball, 56S, EV 81.9 MPH)
|
|
Batting: RHB Larry Brocato
|
0-0: Called Strike 0-1: Swinging Strike 0-2: Ball 1-2: Ground out 6-3 (Groundball, 6M, EV 103.1 MPH)
|
|
Batting: SHB Carter Cromsie
|
0-0: Called Strike 0-1: Foul Ball, location: 2F 0-2: Ground out 3-1 (Groundball, 34, EV 81.9 MPH)
|
| Top of the 1st over - 0 runs, 0 hits, 0 errors, 0 left on base; Greenville 0 - Lake County 0 |
| BOTTOM OF THE 1ST |
|
Lake County Captains batting - Pitching for Greenville Drive : RHP Chris Cory
|
|
Pitching: RHP Chris Cory
|
|
|
Batting: RHB Steve Gusman
|
0-0: SINGLE (Groundball, 4M, EV 100.0 MPH)
|
|
Batting: RHB David Schweitzer
|
0-0: Foul Ball, location: 2F 0-1: Ball 1-1: Ball Wild Pitch! Steve Gusman to second 2-1: Foul Ball, location: 2F 2-2: Ball 3-2: Foul Ball, location: 2F 3-2: Base on Balls
|
|
Batting: LHB Devon Grant
|
0-0: Foul Ball, location: 2F 0-1: Fly out, F8 (Line Drive, 8LD, EV 89.4 MPH)
|
|
Batting: LHB Danny Moreno
|
0-0: Called Strike 0-1: Ball 1-1: Ball 2-1: Foul Ball, location: 2F 2-2: Foul Ball, location: 2F 2-2: Ball 3-2: Base on Balls Steve Gusman to third David Schweitzer to second
|
|
Batting: RHB Shane Smith
|
0-0: Ball 1-0: Swinging Strike 1-1: Ball 2-1: Foul Ball, location: 2F 2-2: Ball 3-2: Strikes out swinging
|
|
Batting: RHB Josh Stinnett
|
0-0: Called Strike 0-1: Ball 1-1: Swinging Strike 1-2: Ball 2-2: Strikes out swinging
|
| Bottom of the 1st over - 0 runs, 1 hit, 0 errors, 3 left on base; Greenville 0 - Lake County 0 |
| TOP OF THE 2ND |
|
Greenville Drive batting - Pitching for Lake County Captains : LHP Baltwin van Vliet
|
|
Batting: RHB Mike Batko
|
0-0: Ball 1-0: Called Strike 1-1: DOUBLE (Flyball, 8RXD, EV 96.9 MPH)
|
|
Batting: LHB Nelis Geurts
|
0-0: Reached on error, E6 (Groundball, 6, EV 82.5 MPH) Mike Batko to third
|
|
Batting: RHB Ted Emmerich
|
0-0: Ball 1-0: Called Strike 1-1: SINGLE (Groundball, 6MD, EV 107.5 MPH) Mike Batko scores Nelis Geurts to second Runner from 2nd tries for 3rd, SAFE, throw by CF made to third
|
|
Batting: LHB John Criswell
|
0-0: Ball 1-0: Foul Ball, location: 2F 1-1: Ball 2-1: Ball 3-1: Foul Ball, location: 2F 3-2: Grounds into double play, 6-4-3 (Groundball, 6M, EV 80.0 MPH) Nelis Geurts scores
|
|
Batting: SHB Greg Shaw
|
0-0: Fly out, F8 (Line Drive, 8RM, EV 100.6 MPH)
|
| Top of the 2nd over - 2 runs, 2 hits, 1 error, 0 left on base; Greenville 2 - Lake County 0 |
| BOTTOM OF THE 2ND |
|
Lake County Captains batting - Pitching for Greenville Drive : RHP Chris Cory
|
|
Batting: RHB Reynaldo Herrera
|
0-0: Swinging Strike 0-1: Called Strike 0-2: Strikes out looking
|
|
Batting: RHB Seth Rutz
|
0-0: Ground out 6-3 (Groundball, 56, EV 92.5 MPH)
|
|
Batting: RHB Gashie Chimsima
|
0-0: Called Strike 0-1: Foul Ball, location: 2F 0-2: Strikes out looking
|
| Bottom of the 2nd over - 0 runs, 0 hits, 0 errors, 0 left on base; Greenville 2 - Lake County 0 |
| TOP OF THE 3RD |
|
Greenville Drive batting - Pitching for Lake County Captains : LHP Baltwin van Vliet
|
|
Batting: RHB Rogelio Cervantes
|
0-0: Called Strike 0-1: Swinging Strike 0-2: Ball 1-2: Ball 2-2: Ball 3-2: Base on Balls
|
|
Batting: RHB David Norum
|
0-0: Ball 1-0: Called Strike 1-1: Called Strike Rogelio Cervantes steals 2nd base (no throw) 1-2: SINGLE (Groundball, 25, EV 73.8 MPH) (infield hit) Rogelio Cervantes to third
|
|
Batting: RHB Larry Brocato
|
0-0: Called Strike 0-1: Foul Ball, location: 2F 0-2: Strikes out looking
|
|
Batting: SHB Carter Cromsie
|
0-0: Called Strike 0-1: Ball 1-1: Ball 2-1: Called Strike David Norum steals 2nd base 2-2: Strikes out swinging
|
|
Pitching: RHP Gilbert Paparelli
|
|
|
Batting: RHB Mike Batko
|
0-0: Ball 1-0: Called Strike 1-1: Fly out, F9 (Flyball, 9S, EV 87.5 MPH)
|
| Top of the 3rd over - 0 runs, 1 hit, 0 errors, 2 left on base; Greenville 2 - Lake County 0 |
| BOTTOM OF THE 3RD |
|
Lake County Captains batting - Pitching for Greenville Drive : RHP Chris Cory
|
|
Batting: RHB Steve Gusman
|
0-0: Called Strike 0-1: Ground out U3 (Groundball, 34S, EV 83.8 MPH)
|
|
Batting: RHB David Schweitzer
|
0-0: Called Strike 0-1: Foul Ball, location: 2F 0-2: Ball 1-2: Ball 2-2: Ball 3-2: Foul Ball, location: 2F 3-2: Strikes out swinging
|
|
Batting: LHB Devon Grant
|
0-0: Ball 1-0: Called Strike 1-1: Ball 2-1: Ball 3-1: Foul Ball, location: 2F 3-2: Base on Balls
|
|
Batting: LHB Danny Moreno
|
0-0: Foul Ball, location: 2F 0-1: Ball 1-1: Ball 2-1: Foul Ball, location: 2F 2-2: 2-RUN HOME RUN (Flyball, 9LD, EV 90.0 MPH), Distance : 347 ft
|
|
Batting: RHB Shane Smith
|
0-0: Ball 1-0: Ball 2-0: Called Strike 2-1: Foul Ball, location: 2F 2-2: Ball 3-2: Foul Ball, location: 2F 3-2: Foul Ball, location: 2F 3-2: Fly out, F8 (Flyball, 8RXD, EV 103.1 MPH)
|
| Bottom of the 3rd over - 2 runs, 1 hit, 0 errors, 0 left on base; Greenville 2 - Lake County 2 |
| TOP OF THE 4TH |
|
Greenville Drive batting - Pitching for Lake County Captains : RHP Gilbert Paparelli
|
|
Batting: LHB Nelis Geurts
|
0-0: Ball 1-0: Ball 2-0: Fly out, F4 (Line Drive, 4, EV 61.2 MPH)
|
|
Batting: RHB Ted Emmerich
|
0-0: Swinging Strike 0-1: Ground out 6-3 (Groundball, 6, EV 85.6 MPH)
|
|
Batting: LHB John Criswell
|
0-0: Ball 1-0: Ball 2-0: Ball 3-0: Base on Balls
|
|
Batting: SHB Greg Shaw
|
0-0: Called Strike 0-1: Swinging Strike 0-2: Strikes out looking
|
| Top of the 4th over - 0 runs, 0 hits, 0 errors, 1 left on base; Greenville 2 - Lake County 2 |
| BOTTOM OF THE 4TH |
|
Lake County Captains batting - Pitching for Greenville Drive : RHP Chris Cory
|
|
Batting: RHB Josh Stinnett
|
0-0: Ball 1-0: Swinging Strike 1-1: Swinging Strike 1-2: Ball 2-2: Strikes out looking
|
|
Batting: RHB Reynaldo Herrera
|
0-0: Ball 1-0: Foul Ball, location: 2F 1-1: Ball 2-1: Foul Ball, location: 2F 2-2: Ball 3-2: Strikes out looking
|
|
Batting: RHB Seth Rutz
|
0-0: Ball 1-0: Foul Ball, location: 2F 1-1: Foul Ball, location: 2F 1-2: Strikes out swinging
|
| Bottom of the 4th over - 0 runs, 0 hits, 0 errors, 0 left on base; Greenville 2 - Lake County 2 |
| TOP OF THE 5TH |
|
Greenville Drive batting - Pitching for Lake County Captains : RHP Gilbert Paparelli
|
|
Batting: RHB Rogelio Cervantes
|
0-0: Called Strike 0-1: Swinging Strike 0-2: Ball 1-2: Fly out, F7 (Flyball, 78M, EV 86.2 MPH)
|
|
Batting: RHB David Norum
|
0-0: Called Strike 0-1: Ball 1-1: Foul Ball, location: 2F 1-2: Strikes out swinging
|
|
Batting: RHB Larry Brocato
|
0-0: Ball 1-0: Ball 2-0: Called Strike 2-1: Foul Ball, location: 2F 2-2: Ball 3-2: Foul Ball, location: 2F 3-2: Foul Ball, location: 2F 3-2: Ground out 4-3 (Groundball, 4M, EV 80.0 MPH)
|
| Top of the 5th over - 0 runs, 0 hits, 0 errors, 0 left on base; Greenville 2 - Lake County 2 |
| BOTTOM OF THE 5TH |
|
Lake County Captains batting - Pitching for Greenville Drive : RHP Chris Cory
|
|
Batting: RHB Gashie Chimsima
|
0-0: Ball 1-0: Swinging Strike 1-1: Ball 2-1: Ground out 5-3 (Groundball, 15, EV 90.6 MPH)
|
|
Pitching: RHP Gabe Torres
|
|
|
Batting: RHB Steve Gusman
|
0-0: Ball 1-0: Ball 2-0: Ball 3-0: Called Strike 3-1: Foul Ball, location: 2F 3-2: Fly out, F7 (Flyball, 7, EV 86.9 MPH)
|
|
Batting: RHB David Schweitzer
|
0-0: Ball 1-0: Swinging Strike 1-1: Swinging Strike 1-2: Strikes out looking
|
| Bottom of the 5th over - 0 runs, 0 hits, 0 errors, 0 left on base; Greenville 2 - Lake County 2 |
| TOP OF THE 6TH |
|
Greenville Drive batting - Pitching for Lake County Captains : RHP Gilbert Paparelli
|
|
Batting: SHB Carter Cromsie
|
0-0: Called Strike 0-1: Called Strike 0-2: SINGLE (Groundball, 25, EV 70.0 MPH) (infield hit)
|
|
Pitching: LHP Aaron Manees
|
|
|
Batting: RHB Mike Batko
|
0-0: Foul Ball, location: 2F 0-1: Swinging Strike 0-2: Ball 1-2: Strikes out swinging
|
|
Batting: LHB Nelis Geurts
|
0-0: Foul Ball, location: 2F 0-1: Swinging Strike 0-2: Strikes out swinging
|
|
Batting: RHB Ted Emmerich
|
0-0: Ball 1-0: Called Strike Carter Cromsie steals 2nd base 1-1: Ball 2-1: Ball 3-1: Foul Ball, location: 2F 3-2: Ground out 6-3 (Groundball, 6MS, EV 92.5 MPH)
|
| Top of the 6th over - 0 runs, 1 hit, 0 errors, 1 left on base; Greenville 2 - Lake County 2 |
| BOTTOM OF THE 6TH |
|
Lake County Captains batting - Pitching for Greenville Drive : RHP Gabe Torres
|
|
Batting: LHB Devon Grant
|
0-0: Ball 1-0: Fly out, F9 (Flyball, 9, EV 95.0 MPH)
|
|
Batting: LHB Danny Moreno
|
0-0: Ball 1-0: Swinging Strike 1-1: Called Strike 1-2: Foul Ball, location: 2F 1-2: Strikes out swinging
|
|
Batting: RHB Shane Smith
|
0-0: Ball 1-0: Ball 2-0: Called Strike 2-1: Swinging Strike 2-2: Foul Ball, location: 2F 2-2: Foul Ball, location: 2F 2-2: Foul Ball, location: 2F 2-2: Strikes out swinging
|
| Bottom of the 6th over - 0 runs, 0 hits, 0 errors, 0 left on base; Greenville 2 - Lake County 2 |
| TOP OF THE 7TH |
|
Greenville Drive batting - Pitching for Lake County Captains : LHP Aaron Manees
|
|
Batting: LHB John Criswell
|
0-0: Called Strike 0-1: Ball 1-1: Foul Ball, location: 2F 1-2: Strikes out looking
|
|
Batting: SHB Greg Shaw
|
0-0: SINGLE (Groundball, 56S, EV 72.5 MPH) (infield hit)
|
|
Batting: RHB Rogelio Cervantes
|
0-0: Ball 1-0: Swinging Strike 1-1: Called Strike 1-2: Foul Ball, location: 2F 1-2: Foul Ball, location: 2F 1-2: Strikes out looking
|
|
Batting: RHB David Norum
|
0-0: Fly out, F9 (Flyball, 9LS, EV 96.9 MPH)
|
| Top of the 7th over - 0 runs, 1 hit, 0 errors, 1 left on base; Greenville 2 - Lake County 2 |
| BOTTOM OF THE 7TH |
|
Lake County Captains batting - Pitching for Greenville Drive : RHP Gabe Torres
|
|
Pitching: RHP Eddie Mosley
|
|
|
Batting: RHB Josh Stinnett
|
0-0: Ball 1-0: Foul Ball, location: 2F 1-1: Ball 2-1: Ball 3-1: Swinging Strike 3-2: Base on Balls
|
|
Batting: RHB Reynaldo Herrera
|
0-0: Called Strike 0-1: Foul Ball, location: 2F 0-2: SINGLE (Groundball, 4M, EV 80.6 MPH) (infield hit) Josh Stinnett to second
|
|
Batting: RHB Seth Rutz
|
0-0: Swinging Strike Passed Ball! Josh Stinnett to third Reynaldo Herrera to second 0-1: Called Strike 0-2: Ball 1-2: Foul Ball, location: 2F 1-2: Ball 2-2: Ball 3-2: Foul Ball, location: 2F 3-2: Base on Balls
|
|
Batting: RHB Gashie Chimsima
|
0-0: Ball 1-0: Called Strike 1-1: Ball 2-1: Ball 3-1: Base on Balls Josh Stinnett scores Reynaldo Herrera to third Seth Rutz to second
|
|
Batting: RHB Steve Gusman
|
0-0: Foul Ball, location: 2F 0-1: Foul Ball, location: 2F 0-2: Ball 1-2: Ball 2-2: Strikes out swinging
|
|
Pitching: LHP Fernando Mendoza
|
|
|
Batting: RHB David Schweitzer
|
0-0: Grounds into fielders choice U2 (Groundball, 2R, EV 63.1 MPH) Seth Rutz to third Gashie Chimsima to second
|
|
Batting: LHB Devon Grant
|
0-0: Called Strike 0-1: Swinging Strike 0-2: SINGLE (Groundball, 4M, EV 80.0 MPH) (infield hit) Seth Rutz scores Gashie Chimsima to third David Schweitzer to second
|
|
Batting: LHB Danny Moreno
|
0-0: Ball 1-0: Swinging Strike 1-1: Swinging Strike 1-2: Ball 2-2: Foul Ball, location: 2F 2-2: Foul Ball, location: 2F 2-2: Strikes out swinging
|
| Bottom of the 7th over - 2 runs, 2 hits, 0 errors, 3 left on base; Greenville 2 - Lake County 4 |
| TOP OF THE 8TH |
|
Greenville Drive batting - Pitching for Lake County Captains : LHP Aaron Manees
|
|
Pitching: RHP Malachi Shelton
|
|
|
Batting: RHB Larry Brocato
|
0-0: Called Strike 0-1: Fly out, F7 (Flyball, 7S, EV 75.6 MPH)
|
|
Batting: SHB Carter Cromsie
|
0-0: Called Strike 0-1: Ball 1-1: Foul Ball, location: 2F 1-2: Foul Ball, location: 2F 1-2: Foul Ball, location: 2F 1-2: Strikes out swinging
|
|
Batting: RHB Mike Batko
|
0-0: Ball 1-0: Ball 2-0: Fly out, F7 (Flyball, 7D, EV 98.1 MPH)
|
| Top of the 8th over - 0 runs, 0 hits, 0 errors, 0 left on base; Greenville 2 - Lake County 4 |
| BOTTOM OF THE 8TH |
|
Lake County Captains batting - Pitching for Greenville Drive : LHP Fernando Mendoza
|
|
Pitching: RHP Wing-chiu Ya
|
|
|
Batting: RHB Shane Smith
|
0-0: Called Strike 0-1: Fly out, F9 (Flyball, 9D, EV 85.6 MPH)
|
|
Batting: RHB Josh Stinnett
|
0-0: Swinging Strike 0-1: Foul Ball, location: 2F 0-2: Strikes out swinging
|
|
Batting: RHB Reynaldo Herrera
|
0-0: Ball 1-0: Called Strike 1-1: Ball 2-1: Foul Ball, location: 2F 2-2: Ground out 4-3 (Groundball, 4, EV 88.1 MPH)
|
| Bottom of the 8th over - 0 runs, 0 hits, 0 errors, 0 left on base; Greenville 2 - Lake County 4 |
| TOP OF THE 9TH |
|
Greenville Drive batting - Pitching for Lake County Captains : RHP Malachi Shelton
|
|
Pitching: RHP Nate Souza
|
|
|
Now at C: Chris Rosinsky
|
|
|
Now at 1B: Seth Rutz
|
|
|
Batting: LHB Nelis Geurts
|
0-0: Ball 1-0: Foul Ball, location: 2F 1-1: Ball 2-1: Ball 3-1: DOUBLE (Line Drive, 78M, EV 91.2 MPH)
|
|
Pinch Hitting: LHB Danny Montoya
|
0-0: Ball 1-0: Ground out 6-3 (Groundball, 56, EV 102.5 MPH)
|
|
Batting: LHB John Criswell
|
0-0: Ball 1-0: Swinging Strike 1-1: Foul Ball, location: 2F 1-2: Foul Ball, location: 2F 1-2: Strikes out swinging
|
|
Batting: SHB Greg Shaw
|
0-0: Called Strike 0-1: Swinging Strike 0-2: Ball 1-2: Ball 2-2: Ball 3-2: Base on Balls
|
|
Batting: RHB Rogelio Cervantes
|
0-0: Ball 1-0: SINGLE (Groundball, 56D, EV 83.1 MPH) (infield hit) Nelis Geurts to third Greg Shaw to second
|
|
Batting: RHB David Norum
|
0-0: Ball 1-0: Foul Ball, location: 2F 1-1: SINGLE (Line Drive, 9LS, EV 103.8 MPH) Nelis Geurts scores Greg Shaw to third Rogelio Cervantes to second Runner from 3rd tries for Home, throw by RF and OUT! 9-2
|
| Top of the 9th over - 1 run, 3 hits, 0 errors, 2 left on base; Greenville 3 - Lake County 4 |
|